AoeStats
← LM | TornardoBriese

Arabia

505881577Analyzed
1v1 RM · 20d ago on Sep 11, 2026· 23m 21s· 2 players
Game mode
Random Map
Map size
Tiny (2 player)
Population
200
Speed
Normal
Resources
Standard
Victory
Conquest
Starting age
Dark Age
Ending age
Imperial Age
RankedLock teamsTeams togetherTeam positionsShared explorationLock speedFull tech treeHidden civsTurbo modeCheats
Victory
Defeat
1229
+15
🇨🇭 Huns · Switzerland
1198
-15
[KKCK]Jaguar_delBulla
6:30 Loom
9:12 Feudal Age
9:33 Man-at-Arms
16:27 Fletching
23:16 Castle Age
22:27 Scale Barding Armor
22:56 Gold Mining
23:20 Crossbowman
LM | TornardoBriese
6:03 Loom
10:06 Feudal Age
15:39 Double-Bit Axe
18:13 Fletching
20:06 Wheelbarrow
24:38 Castle Age
Connection lost

Rejoining the realm…

Still unreachable

The connection could not be restored.

Session expired

The server has moved on; the page needs a fresh start.